 Dungeon Crawl Stone Soup version 0.31.0-9-g3a7656b989 (webtiles) character file.

Game seed: 5246980577073740606

130 qw the Shooter (level 4, -5/36 HPs)
             Began as a Demigod Hunter on Feb 2, 2024.
             Slain by a gnoll
             ... wielding a +0 flail
              (8 damage)
             ... on level 3 of the Dungeon.
             The game lasted 00:00:06 (1725 turns).

qw the Shooter (Demigod Hunter)                     Turns: 1725, Time: 00:00:06

Health: -5/36      AC:  3    Str: 12    XL:     4   Next: 60%
Magic:  6/6        EV: 12    Int: 11    God:
Gold:   87         SH:  0    Dex: 21    Spells: 3/3 levels left

rFire   . . .        a - +0 shortbow
rCold   . . .        (shield currently unavailable)
rNeg    . . .        c - +0 leather armour
rPois   +            (no helmet)
rElec   .            (no cloak)
rCorr   .            (no gloves)
SInv    +            (no boots)
Will    .....        (no amulet)
Stlth   ++           g - ring of see invisible
HPRegen 0.26/turn    h - ring of poison resistance
MPRegen 0.10/turn

%: no passive effects
@: no status effects
A: high MP 1, forlorn, divine attributes
a: no special abilities


You were on level 3 of the Dungeon.
You visited 1 branch of the dungeon, and saw 3 of its levels.

You collected 195 gold pieces.
You spent 108 gold pieces at shops.


Innate Abilities, Weirdness & Mutations

You have an increased reservoir of magic. (+10% MP)
You shall have no god before yourself.
Your divine heritage dramatically boosts your attributes as you level up.


   Skills:
 - Level 2.0 Fighting
 + Level 5.6 Ranged Weapons
 - Level 2.0 Dodging
 - Level 0.8 Stealth


You had 3 spell levels left.
You didn't know any spells.
Your spell library was empty.

Inventory:

Hand Weapons
 a - a +0 shortbow (weapon)
Armour
 c - a +0 leather armour (worn)
 d - a +0 helmet
Jewellery
 g - a ring of see invisible (left hand)
 h - a ring of poison resistance (right hand)
Wands
 j - a wand of iceblast (8)
Scrolls
 i - a scroll of enchant armour
Potions
 b - a potion of ambrosia {unknown}
 e - 2 potions of invisibility {unknown}
 f - 3 potions of curing
 k - a potion of mutation {unknown}

Dungeon Overview and Level Annotations

Branches:
Dungeon (3/15)

Shops:
D:1 *   D:2 :   D:3 *=


Message History

A bat comes into view.
You shoot an arrow. The arrow barely misses the bat.
You shoot an arrow. The arrow hits the bat!
You kill the bat! 2 gnolls come into view.
You shoot an arrow. The arrow hits the gnoll.
The gnoll shouts!
The gnoll is moderately wounded.
The gnoll shouts!
You hear a shout!
You shoot an arrow.
The arrow hits the gnoll but does no damage.
The gnoll is moderately wounded.
You shoot an arrow. The arrow hits the gnoll.
The gnoll is moderately wounded.
A gnoll comes into view. It is wielding a +0 flail.
You shoot an arrow. The arrow hits the gnoll.
The gnoll is severely wounded.
You shoot an arrow. The arrow barely misses the gnoll.
A gnoll comes into view. It is wielding a +0 spear.
You shoot an arrow. The gnoll shouts!
The arrow hits the gnoll.
The gnoll is almost dead.
The gnoll hits you from afar with a +0 spear. x2
The gnoll barely misses you.
You shoot an arrow. The arrow hits the gnoll.
You kill the gnoll!
The gnoll barely misses you.
You shoot an arrow. The arrow barely misses the gnoll.
The gnoll hits you from afar with a +0 spear.
You shoot an arrow. The arrow hits the gnoll.
The gnoll is moderately wounded.
The gnoll closely misses you.
The gnoll hits you from afar with a +0 spear!
You shoot an arrow. The arrow closely misses the gnoll.
The arrow barely misses the gnoll.
The gnoll hits you from afar with a +0 spear.
The gnoll hits you from afar with a +0 spear!
The gnoll hits you with a +0 flail!
You die...

###..###..#.#.##
#~~~~~~~~.....
#~\.......#.## ##
#~~~~~~~~...## ..
####.####.#### #. #.#
#.# # #. #.# #.####
#.####.##### #.####.....
.....gg@...###..........
.....g..........###..###
.#########.###.####..#
#........)..##
#............##
#####.####.#...
#.####..### #......#...
#######.###


You could see 3 gnolls.

Vanquished Creatures
  Ijyb (D:3)
  Terence (D:2)
  A gnoll (D:3)
  An adder (D:2)
  A ribbon worm (D:2)
  An orc (D:3)
  4 bats
  7 endoplasms
  4 giant cockroaches
  3 goblins
  4 hobgoblins
  7 jackals
  6 kobolds
  3 quokkas
  4 ball pythons
  A frilled lizard (D:2)
  3 rats (D:1)
52 creatures vanquished.

Notes
Turn   | Place    | Note
-------+----------+-------------------------------------------
     0 | D:1      | qw the Demigod Hunter began the quest for the Orb.
     0 | D:1      | Reached XP level 1. HP: 17/17 MP: 3/3
     0 | D:1      | 0 ||| qw: Version: 0.3-a-155-g5e7d8dd
     0 | D:1      | 0 ||| qw: Game counter: 113
     0 | D:1      | 0 ||| qw: Melee chars always use a shield: true
     0 | D:1      | 0 ||| qw: God list: Okawaru
     0 | D:1      | 0 ||| qw: Allow faded altars: false
     0 | D:1      | 0 ||| qw: Do Orc after clearing Dungeon:15 true
     0 | D:1      | 0 ||| qw: Do second Lair branch before Depths: true
     0 | D:1      | 0 ||| qw: Lair rune preference: random
     0 | D:1      | 0 ||| qw: Goals: Normal
     0 | D:1      | 0 ||| PLANNING D:1-11
   248 | D:1      | Reached skill level 4 in Ranged Weapons
   267 | D:1      | Found Puckyisa's Assorted Antiques.
   274 | D:1      | 274 ||| SHOPLISTING helmet (121 gold, have 58).
   274 | D:1      | 274 ||| BUYING scroll labelled NOYSHRI LIBU (27 gold).
   274 | D:1      | Bought a scroll labelled NOYSHRI LIBU for 27 gold pieces
   274 | D:1      | 274 ||| BUYING scroll labelled NOYSHRI LIBU (27 gold).
   274 | D:1      | Bought a scroll labelled NOYSHRI LIBU for 27 gold pieces
   274 | D:1      | 274 ||| SHOPLISTING scroll labelled SONION LENKOU (27 gold,
                  | have 4).
   274 | D:1      | 274 ||| SHOPLISTING scroll labelled TOWNAIZXUO (27 gold,
                  | have 4).
   305 | D:1      | Reached XP level 2. HP: 24/24 MP: 4/4
   683 | D:1      | 683 ||| READING 3 scrolls labelled NOYSHRI LIBU.
   683 | D:1      | 683 ||| IDENTIFYING grey potion
   684 | D:1      | 684 ||| READING 2 scrolls of identify.
   684 | D:1      | 684 ||| IDENTIFYING 2 purple potions
   685 | D:1      | 685 ||| READING scroll of identify.
   685 | D:1      | 685 ||| IDENTIFYING scroll labelled PYEBBOU XE HOISK
   686 | D:1      | 686 ||| READING scroll labelled XUONWI OVANK.
   687 | D:1      | 687 ||| READING 2 scrolls labelled ROLISEASUR.
   687 | D:1      | 687 ||| ENCHANTING +0 shortbow.
   688 | D:1      | 688 ||| DROPPING scroll of butterflies.
   689 | D:1      | 689 ||| DROPPING 2 potions of brilliance.
   690 | D:1      | 690 ||| DROPPING scroll of torment.
   741 | D:2      | Reached XP level 3. HP: 29/29 MP: 5/5
  1005 | D:2      | Found Urizy's Book Shop.
  1177 | D:2      | Noticed Terence
  1187 | D:2      | Killed Terence
  1188 | D:2      | Reached skill level 5 in Ranged Weapons
  1188 | D:2      | Reached XP level 4. HP: 26/36 MP: 6/6
  1304 | D:2      | 1304 ||| UPGRADING to ring of see invisible.
  1305 | D:2      | 1305 ||| UPGRADING to ring of poison resistance.
  1306 | D:2      | 1306 ||| READING scroll labelled MOCITO ZEORGHO.
  1351 | D:3      | Found Qyofeem's General Store.
  1357 | D:3      | 1357 ||| BUYING +0 helmet (54 gold).
  1357 | D:3      | Bought a +0 helmet for 54 gold pieces
  1357 | D:3      | 1357 ||| SHOPLISTING ring "Caud" {rElec rPois rN+ MP+9}
                  | (685 gold, have 33).
  1410 | D:3      | Noticed Ijyb
  1417 | D:3      | Killed Ijyb
  1501 | D:3      | Found Onuiley's Jewellery Shop.
  1514 | D:3      | 1514 ||| SHOPLISTING +4 ring of protection (504 gold, have
                  | 78).
  1514 | D:3      | 1514 ||| SHOPLISTING amulet of Tutuclassi {Reflect Slay+3
                  | SH+5 SInv} (753 gold, have 78).
  1514 | D:3      | 1514 ||| SHOPLISTING ring of ice (350 gold, have 78).
  1514 | D:3      | 1514 ||| SHOPLISTING ring of protection from fire (350
                  | gold, have 78).
  1725 | D:3      | HP: 3/36 [gnoll/+0 spear (9)]
  1725 | D:3      | Slain by a gnoll

Levels and vault maps discovered:
D:1:      amcnicky_arrival_double_pillar, layout_loops_cross, serial_shops, shop
D:2:      layout_basic, serial_shops, nicolae_shop_back_alley_shop, uniq_terence
D:3:      layout_loops_ring, basic_ecumenical_altar, serial_shops,
          nicolae_shop_peninsula, shop, minmay_surrounded, uniq_ijyb,
          uniq_crazy_yiuf_cottage, uniq_natasha

Skill      XL: |  1  2  3 |
---------------+----------+-----
Ranged Weapons | 4 5 |  5.6
Fighting       | 2 |  2.0
Dodging        | 2 |  2.0
Stealth        | |  0.8

Action                     |  1- 3 |  4- 6 || total
---------------------------+-------+-------++-------
   Fire: Shortbow          |   120 |    27 ||   147
    Use: Scroll            |     5 |     1 ||     6
 Armour: Leather armour    |    30 |     9 ||    39
  Dodge: Dodged            |    31 |     8 ||    39

Table legend:
 A = Non-vault XP
 B = Vault XP
 C = Vault XP percentage of total XP
 D = Non-vault monster count
 E = Vault monster count
 F = Vault count percentage of total count
                 A         B        C        D         E       F
            +---------+---------+-------+---------+---------+-------
      Total |     115 |      72 |  38.5 |      50 |       2 |   3.8
            +---------+---------+-------+---------+---------+-------
        D:1 |      44 |       0 |   0.0 |      25 |       0 |   0.0
        D:2 |      45 |      36 |  44.4 |      18 |       1 |   5.3
        D:3 |      26 |      36 |  58.1 |       7 |       1 |  12.5
            +---------+---------+-------+---------+---------+-------
